 Dungeon Crawl Stone Soup version 0.19.3-1-g3169bf9 (webtiles) character file.

5341 lvcrft the Blocker (level 10, -4/79 HPs)
             Began as a Deep Dwarf Fighter on Jan 23, 2017.
             Was an Elder of Hepliaklqana.
             Slain by a spiny frog (10 damage)
             ... on level 1 of the Lair of Beasts on Jan 24, 2017.
             The game lasted 00:56:41 (9581 turns).

lvcrft the Blocker (Deep Dwarf Fighter)             Turns: 9581, Time: 00:56:41

Health: -4/79      AC: 19    Str: 27    XL:     10   Next: 38%
Magic:  6/10       EV:  7    Int: 10    God:    Hepliaklqana [****..]
Gold:   499        SH: 12    Dex: 12    Spells: 0 memorised, 9 levels left

rFire  . . .     SeeInvis .     b - +3 flail (holy)
rCold  . . .     Gourm    .     z - +0 plate armour
rNeg   . . .     Faith    .     p - +0 shield {AC+3}
rPois  .         Spirit   .     (no helmet)
rElec  .         Reflect  .     F - +0 cloak
rCorr  .         Harm     .     w - +0 pair of gloves
MR     +....                    (no boots)
Stlth  ..........               (no amulet)
                                (no ring)
                                (no ring)

@: mighty, lethally poisoned (-4 -> -9), about to teleport, non-regenerating
A: damage resistance, recharge devices, reduced essence, sense surroundings 2,
slow regeneration 3
a: Device Recharging, Recall Ancestor, Ancestor Identity, Transference,
Idealise, Renounce Religion


You were on level 1 of the Lair of Beasts.
You worshipped Hepliaklqana.
Hepliaklqana was greatly pleased with you.
You were not hungry.

You visited 3 branches of the dungeon, and saw 10 of its levels.

You collected 499 gold pieces.

Inventory:

Hand Weapons
 a - a +0 long sword
 b - a +3 flail of holy wrath (weapon)
 o - a +2 flail of crushing
 N - a +0 shortbow
 Q - a +5 great sword of freezing
 R - a +5 battleaxe
Missiles
 j - 130 arrows
 G - 3 throwing nets (quivered)
Armour
 l - a +1 chain mail
 n - a +1 leather armour of cold resistance
 p - a +0 shield of protection (worn)
 w - a +0 pair of gloves (worn)
 z - a +0 plate armour (worn)
 F - a +0 cloak (worn)
Jewellery
 C - an uncursed ring of stealth {unknown}
 D - an uncursed ring of protection from fire {unknown}
Wands
 e - a wand of heal wounds (1/9)
 m - a wand of flame (29/48)
 x - a wand of flame (20/48)
 J - a wand of teleportation (4/9)
 L - a wand of lightning (11/15)
Scrolls
 f - a scroll of amnesia {unknown}
 g - a scroll of summoning {unknown}
 t - 3 scrolls of remove curse
 v - 2 scrolls of teleportation
 y - a scroll of silence {unknown}
 A - a scroll of recharging {unknown}
Potions
 c - 4 potions of brilliance {unknown}
 B - 2 potions of haste {unknown}
 I - 2 potions of resistance {unknown}
 M - a potion of cancellation
 O - 4 potions of degeneration {unknown}
 P - 2 potions of flight
Books
 E - a book of Maledictions

   Spells                             Type                      Level
   a - Corona                         Hexes                        1
   b - Ensorcelled Hibernation        Hexes/Ice                    2
   c - Confuse                        Hexes                        3
   d - Tukima's Dance                 Hexes                        3
   e - Dazzling Spray                 Conjuration/Hexes            3
Comestibles
 h - 32 fruits
 i - 2 beef jerkies
 k - 8 meat rations
 r - a slice of pizza
 s - a royal jelly


   Skills:
 + Level 5.3 Fighting
 + Level 2.6 Long Blades
 + Level 9.0 Maces & Flails
 + Level 9.0 Armour
 + Level 2.7 Dodging
 + Level 2.3 Stealth
 + Level 9.2 Shields
 + Level 0.3 Evocations


You had 9 spell levels left.
You didn't know any spells.

Dungeon Overview and Level Annotations

Branches:
Dungeon (8/15)             Temple (1/1) D:4            Lair (1/6) D:8

Altars:
Ashenzari
Cheibriados
Dithmenos
Elyvilon
Gozag
Hepliaklqana
Kikubaaqudgha
Makhleb
Nemelex Xobeh
Okawaru
Qazlal
Ru
Sif Muna
Trog
Uskayaw
Vehumet
Xom
Yredelemnul
Zin
The Shining One

Annotations:
Lair:1 Sonja


Innate Abilities, Weirdness & Mutations

You are resistant to damage.
You can recharge devices by infusing magical energy.
You passively map the area around you.
You do not regenerate.
Your life essence is reduced. (-10% HP)


Message History

You block the wolf's attack.
The wolf bites Tlalli but does no damage.
The spiny frog stings you!
* * * LOW HITPOINT WARNING * * *
You are more poisoned.
The spiny frog poisons you! The wolf bites you.
Tlalli barely misses the wolf.
Hepliaklqana grants Tlalli healing and protection!
Tlalli is fully restored!
* * * LOW HITPOINT WARNING * * *
You feel sick.
The wolf bites Tlalli but does no damage.
The wolf barely misses you.
The spiny frog stings you but does no damage.
Tlalli closely misses the wolf.
The wolf closely misses Tlalli.
The wolf bites you but does no damage.
As you read the scroll of teleportation, it crumbles to dust.
You feel strangely unstable.
* * * LOW HITPOINT WARNING * * *
You feel sick.
The wolf barely misses Tlalli.
The spiny frog stings you!
You die...

,..............[.........
,,
........................
,,
........................
................#.#.##..
, ,
................+.......
,
....###'#.##.(..#.......
* . ,*##..###....P.......
, , *#.hh.##....'.......
, * #R@F.##....#....... ,
, , ##.!###....#....... ,
, , #P.## #....#.......
,, ,......,......#^#.#.##
, ,
....................... ,
,........................
,........................
, ............. , **
...).......... *


You could see the friendly Tlalli the battlemage, a spiny frog and 2 wolves.

Vanquished Creatures
  A hippogriff (D:7)
  7 yaks
  Duvessa (D:5)
  2 orc warriors (D:8)
  A sky beast (D:7)
  A phantom (D:4)
  3 centaurs
  2 bullfrogs (D:7)
  Dowan (D:5)
  A scorpion (D:8)
  6 wights
  A howler monkey (D:7)
  A crimson imp (D:7)
  A hound (D:7)
  A bullfrog skeleton (D:6)
  An orc wizard (D:7)
  An iguana (D:5)
  A hound skeleton (D:4)
  2 worker ant zombies (D:7)
  3 gnolls
  8 adders
  A shadow imp (D:7)
  An ooze (D:1)
  2 adder skeletons (D:4)
  A worm (D:2)
  3 leopard geckos
  20 orcs
  8 bats
  2 giant cockroaches
  4 goblins
  8 hobgoblins
  8 jackals
  10 kobolds
  A ball python (D:2)
  4 frilled lizards
  A leopard gecko skeleton (D:8)
  A quokka zombie (D:6)
  11 rats
  A plant (D:8)
133 creatures vanquished.

Vanquished Creatures (collateral kills)
  2 hippogriffs
  Sigmund (D:5)
  A yak (Lair:1)
  A wyvern (D:8)
  Edmund (D:5)
  2 sky beasts (D:8)
  An ogre (D:4)
  2 centaurs
  A crocodile (D:8)
  A big kobold (D:8)
  3 bullfrogs
  3 wights
  3 howler monkeys (D:8)
  2 crimson imps
  A jelly (D:5)
  2 orc priests
  5 orc wizards
  A bullfrog skeleton (D:4)
  3 iguanas (D:6)
  A worker ant (D:6)
  A hound zombie (D:6)
  A hound skeleton (D:7)
  2 worker ant zombies (D:6)
  5 adders
  A gnoll (D:4)
  3 river rats (D:8)
  A shadow imp (D:6)
  3 leopard geckos
  14 orcs
  A giant cockroach (D:7)
  2 goblins
  A hobgoblin (D:3)
  3 jackals (D:3)
  2 quokkas
  9 bats
  A frilled lizard (D:4)
  3 rats (D:8)
  A plant (D:8)
91 creatures vanquished.

Vanquished Creatures (others)
  3 battlemagi
  A fungus (D:8)
  2 plants (D:8)
6 creatures vanquished.

Grand Total: 230 creatures vanquished

Notes
Turn   | Place    | Note
-------+----------+-------------------------------------------
     0 | D:1      | lvcrft the Deep Dwarf Fighter began the quest for the Orb.
     0 | D:1      | Reached XP level 1. HP: 20/20 MP: 1/1
   205 | D:1      | Reached XP level 2. HP: 22/27 MP: 2/2
   741 | D:1      | Reached XP level 3. HP: 23/33 MP: 3/3
  1036 | D:2      | Reached XP level 4. HP: 25/42 MP: 4/4
  1167 | D:2      | Reached skill level 1 in Maces & Flails
  1231 | D:2      | Reached skill level 1 in Dodging
  1409 | D:2      | Found a hazy altar of Hepliaklqana.
  1411 | D:2      | Found a shimmering altar of Xom.
  1412 | D:2      | Noticed a spectral ugly thing
  1420 | D:2      | Became a worshipper of Hepliaklqana the Forgotten
  2064 | D:3      | Reached XP level 5. HP: 25/44 MP: 5/5
  2329 | D:3      | Reached * piety under Hepliaklqana
  2423 | D:3      | You fall through a shaft for 2 floors!
  2423 | D:5      | Entered Level 5 of the Dungeon
  2599 | D:4      | Reached skill level 5 in Shields
  2599 | D:4      | Reached XP level 6. HP: 31/50 MP: 3/6
  2696 | D:4      | Found a staircase to the Ecumenical Temple.
  2799 | D:4      | Reached skill level 1 in Stealth
  3088 | D:4      | Found a glowing drain.
  3182 | D:3      | Reached ** piety under Hepliaklqana
  4107 | Temple   | Entered the Ecumenical Temple
  5408 | D:5      | Remembered your ancestor Tlalli as a battlemage
  5591 | D:5      | Found a sparkling altar of Nemelex Xobeh.
  5606 | D:5      | Noticed Edmund
  5614 | D:5      | Killed Edmund
  5614 | D:5      | Reached skill level 5 in Armour
  5614 | D:5      | Reached XP level 7. HP: 52/55 MP: 7/7
  5820 | D:5      | Noticed Sigmund
  5830 | D:5      | Killed Sigmund
  6249 | D:5      | Noticed Dowan
  6250 | D:5      | Noticed Duvessa
  6269 | D:5      | Killed Duvessa
  6271 | D:5      | Killed Dowan
  6271 | D:5      | Reached XP level 8. HP: 37/64 MP: 8/8
  6409 | D:6      | Reached *** piety under Hepliaklqana
  6606 | D:6      | Found an iron altar of Okawaru.
  6618 | D:6      | Reached skill level 5 in Maces & Flails
  6663 | D:6      | Noticed a hippogriff
  6669 | D:6      | Killed a hippogriff
  7286 | D:7      | Gained mutation: You passively map the area around you. [Deep Dwarf growth]
  7286 | D:7      | Reached XP level 9. HP: 21/71 MP: 9/9
  7411 | D:7      | Found a radiant altar of Vehumet.
  7482 | D:7      | Found a snail-covered altar of Cheibriados.
  7677 | D:7      | Found a glowing golden altar of the Shining One.
  8130 | D:7      | Reached **** piety under Hepliaklqana
  8183 | D:7      | Found a shattered altar of Ashenzari.
  8183 | D:7      | Found a deep blue altar of Sif Muna.
  8675 | D:8      | Found a bloodstained altar of Trog.
  8742 | D:8      | Reached skill level 5 in Fighting
  8807 | D:8      | Reached XP level 10. HP: 56/79 MP: 10/10
  9371 | D:8      | Found a radiant altar of Vehumet.
  9392 | D:8      | Found a staircase to the Lair.
  9414 | Lair:1   | Entered Level 1 of the Lair of Beasts
  9525 | Lair:1   | Noticed Sonja
  9561 | Lair:1   | Noticed a spiny frog
  9581 | Lair:1   | Slain by a spiny frog

Skill      XL: |  1  2  3  4  5  6  7  8  9 10 |
---------------+-------------------------------+-----
Shields        | 4 5 7 8 9 |  9.2
Fighting       | 3 4 5 |  5.3
Maces & Flails | 1 2 4 5 8 9 |  9.0
Dodging        | 1 2 |  2.7
Armour         | 4 5 6 7 8 9 |  9.0
Stealth        | 1 2 |  2.3
Long Blades    | |  2.6
Evocations     | |  0.3

Action                   |  1- 3 |  4- 6 |  7- 9 | 10-12 || total
-------------------------+-------+-------+-------+-------++-------
Melee: Long sword        |    74 |       |       |       ||    74
       Flail             |    29 |   234 |   198 |   100 ||   561
Invok: Recall Ancestor   |       |     2 |       |       ||     2
       Ancestor Life: Ba |       |     1 |       |       ||     1
       Idealise          |       |       |       |     1 ||     1
Evoke: Wand              |       |     3 |     1 |       ||     4
  Use: Scroll            |     1 |     8 |     6 |     2 ||    17
       Potion            |       |     1 |     4 |     4 ||     9
 Stab: Distracted        |       |     1 |     3 |       ||     4
  Eat: Bread ration      |       |     4 |     2 |     1 ||     7
Armor: Scale mail        |    43 |       |       |       ||    43
       Chain mail        |    29 |   125 |    56 |       ||   210
       Plate armour      |       |       |    70 |    42 ||   112
Dodge: Dodged            |    44 |    50 |    49 |    26 ||   169
Block: Shield            |   111 |   155 |   126 |    76 ||   468
       Rpst.: Long sword |     7 |       |       |       ||     7
